 Dungeon Crawl Stone Soup version 0.31-a0-369-g8eba5f6939 (webtiles) character file.

Game seed: 12864365926782343011

41 hashsling the Cudgeller (level 3, 0/24 HPs)
             Began as a Gargoyle Berserker on July 29, 2023.
             Was a Believer of Trog.
             Slain by a goblin
             ... wielding a +4 dagger
              (3 damage)
             ... on level 3 of the Dungeon.
             The game lasted 00:02:25 (635 turns).

hashsling the Cudgeller (Gargoyle Berserker)         Turns: 635, Time: 00:02:26

Health: 0/24       AC: 12    Str: 22    XL:     3   Next: 52%
Magic:  3/3        EV:  8    Int:  7    God:    Trog [**....]
Gold:   57         SH:  0    Dex:  9    Spells: 2/2 levels left

rFire   . . .        a - +0 mace
rCold   . . .        (no shield)
rNeg    + . .        e - +0 chain mail
rPois   ∞            (no helmet)
rElec   +            (no cloak)
rCorr   +            (no gloves)
SInv    .            (no boots)
Will    .....        (no amulet) Stlth
                     g - ring of resist corrosion
HPRegen 0.24/turn    (no ring)
MPRegen 0.08/turn

%: no passive effects
@: on berserk cooldown, slowed, very slow
A: sickness immunity, AC +3, negative energy resistance 1, electricity
resistance, torment resistance 1, petrification resistance
a: Renounce Religion, Berserk, Trog's Hand


You were on level 3 of the Dungeon.
You worshipped Trog.
Trog was pleased with you.
You visited 1 branch of the dungeon, and saw 3 of its levels.

You collected 57 gold pieces.

Inventory:

Hand Weapons
 a - a +0 mace (weapon)
Armour
 b - a +0 animal skin
 c - a +0 scale mail
 e - a +0 chain mail (worn)
 f - a +0 pair of boots
Jewellery
 g - a ring of resist corrosion (left hand)
Potions
 d - a potion of berserk rage {unknown}
 h - a potion of attraction {unknown}


   Skills:
 + Level 3.7 Fighting
 * Level 3.8 Maces & Flails
 + Level 2.8 Armour
 - Level 1.5 Dodging


You had 2 spell levels left.
You didn't know any spells.
Your spell library contained the following spells:

 Spells                   Type           Power      Damage    Failure   Level
 Summon Guardian Golem    Hex/Summ       0%         N/A       100%        3
 Orb of Destruction       Conj           0%         9d5       100%        7
 Spellforged Servitor     Conj/Summ      0%         N/A       100%        7


Dungeon Overview and Level Annotations

Branches:
Dungeon (3/15)

Altars:

Annotations:
D:2 Robin


Innate Abilities, Weirdness & Mutations

You are immune to sickness and miasma.
Your stone body is resilient. (AC +3)
You are immune to poison.
You resist negative energy. (rN+)
You are resistant to electric shocks. (rElec)
You are resistant to unholy torment.
You are immune to petrification.


Message History

Trog accepts your kill.
The hobgoblin no longer looks unusually strong.
The hobgoblin completely misses you.
The goblin no longer looks unusually strong.
Things that are here:
a +0 dagger; a +0 dagger; a goblin corpse You feel a strong urge to attack something.
You are no longer berserk.
You are exhausted.
You feel yourself slow down. The hobgoblin attacks as you move away!
The hobgoblin hits you but does no damage.
The hobgoblin hits you but does no damage.
You see here 6 stones.
The hobgoblin attacks as you move away! The hobgoblin hits you.
* * * LOW HITPOINT WARNING * * *
The hobgoblin hits you but does no damage.
There is a stone staircase leading down here.
You can't go up here!
The hobgoblin barely misses you.
The hobgoblin hits you but does no damage.
You climb downwards.
Found 5 stones and 10 gold pieces.
There is a stone staircase leading up here. 2 jackals come into view.
Found a scale mail.
The jackal barks! x2; You hear a bark!
The hobgoblin hits you but does no damage. x2
The hobgoblin barely misses you. The hobgoblin attacks as you move away!
The hobgoblin hits you but does no damage.
You sock the hobgoblin!
You kill the hobgoblin!
Trog accepts your kill.
The jackal falls through a shaft!
The shaft crumbles and collapses.
An orc comes into view. It is wielding a +0 club.
The goblin hits you with a +4 dagger.
* * * LOW HITPOINT WARNING * * *
The hobgoblin barely misses you. The goblin hits you with a +4 dagger.
You die...

#####
###...#
#.@g..#
#g#...#
(.h#...#
.$......##
#..#.[#...
#.....###..
#.....# ##.
. ..#.# ..


You could see a jackal, a hobgoblin and a goblin.

Vanquished Creatures
  An adder (D:2)
  A dart slug (D:1)
  2 endoplasms (D:1)
  A giant cockroach (D:1)
  5 goblins
  4 hobgoblins
  2 kobolds (D:1)
  A quokka (D:1)
  2 ball pythons (D:1)
  5 bats (D:1)
  3 frilled lizards (D:1)
  3 rats (D:1)
30 creatures vanquished.

Notes
Turn   | Place    | Note
-------+----------+-------------------------------------------
     0 | D:1      | hashsling the Gargoyle Berserker began the quest for the
                  | Orb.
     0 | D:1      | Reached XP level 1. HP: 14/14 MP: 1/1
    96 | D:1      | Reached XP level 2. HP: 19/19 MP: 2/2
   481 | D:1      | Reached XP level 3. HP: 19/23 MP: 3/3
   604 | D:2      | Noticed Robin
   621 | D:2      | Reached ** piety under Trog
   635 | D:3      | Slain by a goblin

Illustrated notes

Levels and vault maps discovered:
D:1:      matt_arrival_grand_opening, layout_rooms, hangedman_decor_push
D:2:      layout_basic, minmay_misc_feat_rugged, roderic_nine_men_s_morris,
          kennysheep_boxes, uniq_robin
D:3:      layout_rooms, mainiacjoe_overflow_brackets

Action                     || total
---------------------------++-------
  Melee: Mace              ||    78
 Invoke: Berserk           ||     2
 Armour: Scale mail        ||    15
         Chain mail        ||    38
  Dodge: Dodged            ||    33

Table legend: (Time is in decaauts)
 A = Elapsed time spent in this place.
 B = Non-inter-level travel time spent in this place.
 C = Inter-level travel time spent in this place.
 D = Time resting spent in this place.
 E = Time spent auto-exploring this place.
 F = Levels seen in this place.
 G = Mean time per level.
                   A        B        C        D        E       F      G
               +--------+--------+--------+--------+--------+-----+--------+
         Total |    658 |    634 |     24 |      0 |    403 |   3 |  219.3 |
       Dungeon |    658 |    634 |     24 |      0 |    403 |   3 |  219.3 |
               +--------+--------+--------+--------+--------+-----+--------+

Top non-repeatable levels by time:
     D:1: 599 daAuts
     D:2: 52 daAuts
     D:3: 5 daAuts
